 Dungeon Crawl Stone Soup version 0.17-a0-1850-g688e747 (webtiles) character file.

137 4thArraOfDagon the Ruffian (level 5, -1/53 HPs)
             Began as a Troll Chaos Knight on Sept 18, 2015.
             Slain by a gnoll sergeant
             ... wielding a +1 trident of venom
              (15 damage)
             ... on level 6 of the Dungeon.
             The game lasted 00:03:28 (725 turns).

4thArraOfDagon the Ruffian (Troll Chaos Knight)      Turns: 725, Time: 00:03:28

Health: -1/53      AC:  7    Str: 24    XL:     5   Next: 0%
Magic:  4/4        EV: 16    Int:  9    God:    Xom [.*....]
Gold:   85         SH:  0    Dex: 14    Spells: 0 memorised, 4 levels left

rFire  . . .     SeeInvis .       - Unarmed
rCold  . . .     Clarity  .     a - +2 robe
rNeg   . . .     SustAt   .     (no shield)
rPois  .         Gourm    +     (helmet restricted)
rElec  .         Spirit   .     (no cloak)
rCorr  .         Warding  .     (gloves unavailable)
rMut   .         Stasis   .     (boots unavailable)
MR     .....                    (no amulet)
Stlth  ++........               (no ring)
                                m - +4 ring of strength

@: agile, lethally poisoned (-1 -> -3), not resistant to hostile enchantments,
unstealthy
A: unfitting armour, claws 3, fast metabolism 3, gourmand, regeneration 2,
shaggy fur 1, tough skin 2
a: Renounce Religion


You were on level 6 of the Dungeon.
You worshipped Xom.
You were a plaything of Xom.
You were completely stuffed.

You visited 1 branch of the dungeon, and saw 6 of its levels.

You collected 85 gold pieces.

Inventory:

Missiles
 d - 7 curare-tipped needles
Armour
 a - a +2 robe (worn)
Jewellery
 m - a +4 ring of strength (left claw)
Scrolls
 c - 3 scrolls of remove curse
 n - a scroll of enchant weapon
Potions
 h - 2 potions of heal wounds
Comestibles
 b - 2 bread rations
 f - 4 fruits
 g - a meat ration


   Skills:
 + Level 3.2 Fighting
 + Level 2.8 Dodging
 * Level 4.4 Unarmed Combat


You had 4 spell levels left.
You didn't know any spells.

Dungeon Overview and Level Annotations

Branches:
Dungeon (6/15)
 Temple: D:4-7

Altars:
Fedhas
Qazlal

Shops:
D:5 =

Annotations:
D:5 Eustachio


Innate Abilities, Weirdness & Mutations

You are too large for most types of armour.
You have claws for hands.
Your metabolism is lightning-fast.
You like to eat raw meat.
You heal very quickly.
You are covered in fur (AC +1).
You have very tough skin (AC +2).


Message History

The gnoll sergeant is heavily wounded.
You feel sick.
The gnoll throws a throwing net.
The throwing net barely misses you.
Drink which item? (? for menu, Esc to quit)
You feel agile all of a sudden.
You feel sick. The gnoll sergeant misses you.
Unknown command.
You closely miss the gnoll sergeant.
The gnoll sergeant is heavily wounded.
You feel sick.
The gnoll sergeant hits you with a trident of venom!
The gnoll hits you with a whip.
* * * LOW HITPOINT WARNING * * *
Unknown command.
The gnoll sergeant blocks your attack.
The gnoll sergeant is heavily wounded.
You feel sick.
The gnoll sergeant hits you with a trident of venom!
You die...
Xom chuckles heartily!

#.## ## #.## ##.##
#..# #...# ##.# #...##
#.# #....## #.#
#.....# #g# #.....##
#g## #......##
#g@#######.......#.
......##
#..................
.......##
##...b.............
........#
#bb..b......[.....
........#
#####..(.b.(..##.....#
........#
#......##########....#
........##
#........#### ######
.........#
#...........###
.........#
#.............#


You could see a gnoll sergeant and 2 gnolls.

Vanquished Creatures
  An iguana (D:5)
  An orc wizard (D:5)
  A worker ant (D:5)
  An adder (D:3)
  2 worms
  A giant gecko (D:1)
  8 orcs
  A ball python (D:3)
  A goblin (D:1)
  2 hobgoblins
  5 jackals
  2 bats (D:1)
  2 giant newts
  3 kobolds
  3 rats
34 creatures vanquished.

Notes
Turn   | Place    | Note
--------------------------------------------------------------
     0 | D:1      | 4thArraOfDagon the Troll Chaos Knight began the quest for the Orb.
     0 | D:1      | Reached XP level 1. HP: 22/22 MP: 0/0
    96 | D:1      | Reached XP level 2. HP: 29/29 MP: 1/1
   191 | D:1      | XOM: smoke on damage
   254 | D:2      | XOM: divination: detect items
   261 | D:2      | Found a stormy altar of Qazlal.
   261 | D:2      | Found a blossoming altar of Fedhas.
   265 | D:2      | You fall through a shaft!
   297 | D:2      | XOM: potion effect (haste)
   303 | D:3      | Reached XP level 3. HP: 33/36 MP: 2/2
   434 | D:5      | Entered Level 5 of the Dungeon
   461 | D:5      | Reached XP level 4. HP: 31/45 MP: 3/3
   492 | D:5      | XOM: potion effect (heal wounds)
   498 | D:5      | Reached skill level 4 in Unarmed Combat
   515 | D:5      | XOM: harmless Erth miscast
   551 | D:5      | Found Polufon's Jewellery Shop.
   558 | D:5      | :(
   569 | D:5      | Noticed Eustachio
   572 | D:5      | XOM: enchant monster (good)
   625 | D:6      | Reached XP level 5. HP: 51/53 MP: 4/4
   709 | D:6      | XOM: cast spell 'Summon Butterflies'
   719 | D:6      | XOM: medium Conj miscast
   725 | D:6      | Slain by a gnoll sergeant

Vault maps used:
D:1:      lightli_arrival_quake
D:2:      grunt_temple_overflow_forces_of_nature, grunt_ministairs_8,
          nicolae_ru_the_path_less_chosen
D:3:      first_bread, grunt_ministairs_14
D:4:      serial_shops, shop, elyvilon_altar_4
D:5:      lemuel_zombie_altar_yredelemnul, serial_shops, nicolae_shop_trees,
          kennysheep_generic_room_4, uniq_sigmund, uniq_crazy_yiuf_cottage,
          uniq_eustachio
D:6:      lightli_orcish_oven

Action                   |  1- 3 |  4- 6 || total
-------------------------+-------+-------++-------
Melee: Unarmed           |    70 |    37 ||   107
  Use: Potion            |     2 |     1 ||     3
       Scroll            |       |     9 ||     9
  Eat: Chunk             |     7 |     5 ||    12
